AoeStats
← danieldivilla

Migration

507287990Analyzed
1v1 RM · 15d ago on Sep 17, 2026· 39m 42s· 2 players
Game mode
Random Map
Map size
132×132
Population
200
Speed
Normal
Resources
Standard
Victory
Conquest
Starting age
Dark Age
Ending age
Imperial Age
RankedLock teamsTeams togetherTeam positionsShared explorationLock speedFull tech treeHidden civsTurbo modeCheats
Victory
Defeat
🇮🇳 Persians · India
1285
+18
🇪🇸 Byzantines · Spain
1327
-18
望舒芷若映月
10:35 Feudal Age
12:45 Double-Bit Axe
13:18 Fishing Lines
14:24 Forging
14:17 Scale Mail Armor
16:21 Horse Collar
19:27 Castle Age
17:12 Loom
18:22 Fletching
19:49 Padded Archer Armor
19:50 Gillnets
20:13 Medium Warships
20:05 Bodkin Arrow
21:26 Iron Casting
21:21 Bow Saw
21:14 Heavy Plow
21:07 Gold Mining
23:09 Town Watch
24:50 Ballistics
26:04 Leather Archer Armor
35:04 Imperial Age
33:08 Chain Mail Armor
35:50 Wheelbarrow
36:33 Chemistry
35:46 Masonry
37:59 Scale Barding Armor
38:54 Blast Furnace
danieldivilla
12:37 Feudal Age
13:34 Double-Bit Axe
15:07 Wheelbarrow
14:38 Gold Mining
17:20 Castle Age
15:12 Gold Mining
18:16 Medium Warships
19:30 Gold Shaft Mining
19:07 Bow Saw
25:14 Siphons
28:37 Wheelbarrow
31:30 Imperial Age
29:43 Stone Mining
Connection lost

Rejoining the realm…

Still unreachable

The connection could not be restored.

Session expired

The server has moved on; the page needs a fresh start.